 Dungeon Crawl Stone Soup version 0.24-a0-183-g8902462 (webtiles) character file.

Game seed: 17752350212260976824

123 Ijustatesigmund the Skirmisher (level 5, 0/54 HPs)
             Began as an Octopode Wizard on Mar 15, 2019.
             Was a Follower of Ashenzari.
             Slain by an iguana (3 damage)
             ... on level 4 of the Dungeon.
             The game lasted 00:08:31 (4330 turns).

Ijustatesigmund the Skirmisher (Octopode Wizard)    Turns: 4330, Time: 00:08:31

Health: 0/54       AC: 22    Str: 12    XL:     5   Next: 7%
Magic:  3/10       EV:  2    Int: 20    God:    Ashenzari [*.....]
Gold:   164        SH:  0    Dex:  9    Spells: 4/10 levels left

rFire    . . .     SeeInvis .   d - +1 spear
rCold    . . .     Gourm    .   (no shield)
rNeg     + + +     Faith    .   (helmet currently unavailable)
rPois    +         Spirit   .   (no amulet)
rElec    .         Reflect  .   i - ring of positive energy
rCorr    .         Harm     .   (no ring)
MR       .....     NoTele   +   (no ring)
Stlth    ++........             (no ring)
HPRegen  0.18/turn              (no ring)
MPRegen  0.12/turn              (no ring)
                                (no ring)
                                (no ring)

@: mighty, lethally poisoned (0 -> -2), tree-form, very slightly contaminated
A: almost no armour, stealthy swim, (amphibious), 8 rings, (constrict 8), clumsy
1, high mp 1, screaming 1, MP-powered wands
a: Curse Item, Scrying, Renounce Religion


You were on level 4 of the Dungeon.
You worshipped Ashenzari.
Ashenzari was aware of your devotion.
You were hungry.
You were a tree.
You visited 1 branch of the dungeon, and saw 5 of its levels.

You collected 164 gold pieces.

Inventory:

Hand Weapons
 d - a +1 spear (weapon)
Armour
 a - a cursed +0 hat (melded)
Jewellery
 i - a ring of positive energy (left branch)
Wands
 l - a wand of flame (21)
Scrolls
 b - 2 scrolls of identify
 e - a scroll of teleportation
Potions
 f - a potion of curing
 h - a potion of cancellation
 j - a potion of lignification
Comestibles
 c - 5 rations


   Skills:
 * Level 3.2 Fighting
 + Level 3.0 Dodging
 - Level 2.6 Stealth
 - Level 3.0 Spellcasting
 - Level 1.0 Conjurations
   Level 1.0 Summonings
 + Level 2.1 Translocations


You had 4 spell levels left.
You knew the following spells:

 Your Spells              Type           Power        Failure   Level  Hunger
a - Magic Dart            Conj           #...         10%         1    None
b - Blink                 Tloc           N/A          9%          2    ##.....
c - Conjure Flame         Conj/Fire      #.......     34%         3    ###....

Your spell library contained the following spells:

 Spells                   Type           Power        Failure   Level  Hunger
 Call Imp                 Summ           #.......     14%         2    ##.....
 Slow                     Hex            #.......     22%         2    ##.....
 Mephitic Cloud           Conj/Pois/Air  #.......     36%         3    ###....


Dungeon Overview and Level Annotations

Branches:
Dungeon (5/15)
 Temple: D:4-7

Altars:
Ashenzari
Cheibriados

Shops:
D:4 [   D:5 *


Innate Abilities, Weirdness & Mutations

You cannot wear most types of armour.
You are very stealthy in the water. (Stealth+)
((You are amphibious.))
You can wear up to eight rings at the same time.
((You can use your tentacles to constrict eight enemies at once.))
((Your skin changes colour to match your surroundings (Stealth+).))
((Your rubbery body absorbs attacks. (AC +1, EV +1)))
You are clumsy. (Dex -2)
You have an increased reservoir of magic. (+10% MP)
You occasionally shout uncontrollably at your foes.
You expend magic power (3 MP) to strengthen your wands.


Message History

You hit the iguana but do no damage. Your grab misses the iguana.
You squeeze the iguana.
The iguana is severely wounded.
The adder bites you.
* * * LOW HITPOINT WARNING * * *
The iguana bites you.
* * * LOW HITPOINT WARNING * * *
The adder closely misses you.
It was a potion of lignification.
You turn into a tree.
Your cursed +0 hat melds into your body.
Your roots penetrate the ground.
You feel sick.
The iguana bites you but does no damage.
The adder bites you but does no damage.
You feel very mighty all of a sudden. The adder bites you but does no damage.
The iguana bites you.
* * * LOW HITPOINT WARNING * * *
You closely miss the iguana.
The iguana is severely wounded.
The adder barely misses you. The iguana bites you.
You die...

###.# ..... ##########
#.#.# .........# #.#.#
###.####.####.#.###.#
#...#......<......#
#.#.⌠.⌠##.#.#.#####
###########....∩..........
..............⌠.♣.#.#...###
................lS........
##.##.####..........#...#.#
#....# #..###.#.......#.#
####.####..###.##..##..# #
#...........# ..# .
#########.###...#.#
#....8.............
#.88....#.##.......


You could see an iguana and an adder.

Vanquished Creatures
  4 adders
  4 worms (D:2)
  A dart slug (D:3)
  2 leopard geckos
  8 orcs
  6 bats
  3 giant cockroaches
  4 goblins
  5 hobgoblins
  2 jackals (D:5)
  2 quokkas (D:2)
  2 ball pythons
  3 frilled lizards
  8 kobolds
  A quokka skeleton (D:2)
  8 rats
63 creatures vanquished.

Notes
Turn   | Place    | Note
-------+----------+-------------------------------------------
     0 | D:1      | Ijustatesigmund the Octopode Wizard began the quest for the
                  | Orb.
     0 | D:1      | Reached XP level 1. HP: 11/11 MP: 4/4
   133 | D:1      | Reached skill level 1 in Fighting
   295 | D:1      | Reached XP level 2. HP: 18/18 MP: 0/6
   299 | D:1      | Learned a level 2 spell: Blink
   509 | D:1      | Found a shattered altar of Ashenzari.
   524 | D:1      | Became a worshipper of Ashenzari the Shackled
   897 | D:1      | Gained mutation: You are clumsy. (Dex -2) [potion of
                  | mutation]
   897 | D:1      | Gained mutation: You have an increased reservoir of magic.
                  | (+10% MP) [potion of mutation]
   897 | D:1      | Gained mutation: You occasionally shout uncontrollably at
                  | your foes. [potion of mutation]
   897 | D:1      | Gained mutation: You expend magic power (3 MP) to
                  | strengthen your wands. [potion of mutation]
   972 | D:2      | Reached XP level 3. HP: 11/24 MP: 0/8
  2495 | D:2      | Found a snail-covered altar of Cheibriados.
  2788 | D:2      | Reached XP level 4. HP: 28/30 MP: 9/9
  2793 | D:2      | Learned a level 3 spell: Conjure Flame
  3819 | D:4      | Reached XP level 5. HP: 36/36 MP: 6/10
  3822 | D:5      | Entered Level 5 of the Dungeon
  3864 | D:5      | Noticed an ogre
  3895 | D:5      | Found Rawnatusk's General Store.
  3926 | D:4      | Found Idwa's Antique Armour Shoppe.
  4306 | D:4      | Reached * piety under Ashenzari
  4330 | D:4      | Slain by an iguana

Levels and vault maps discovered:
D:1:      wander_arrival_chamber, layout_rooms, ashenzari_altar_1
D:2:      layout_basic, lemuel_crystal_altar
D:3:      layout_loops_cross, grunt_decor_resistance
D:4:      layout_basic, serial_shops, shop_fountains, chequers_decorated_corner
D:5:      layout_basic, minmay_temple_entry_wispy, serial_shops, shop,
          first_ration, st_stairs_10, nemelex_diamond_rough_becter

Skill      XL: |  1  2  3  4 |
---------------+-------------+-----
Fighting       | 1 2 3 |  3.2
Translocations | 2 |  2.1
Dodging        | 3 |  3.0
Stealth        | |  2.6
Spellcasting   | |  3.0
Conjurations   | |  1.0
Summonings     | |  1.0

Action                   |  1- 3 |  4- 6 || total
-------------------------+-------+-------++-------
Melee: Unarmed           |     1 |       ||     1
       Spear             |    54 |    59 ||   113
       Constrict         |    10 |    12 ||    22
       Tentacles         |     4 |     7 ||    11
 Cast: Magic Dart        |    97 |    34 ||   131
       Blink             |       |     3 ||     3
       Conjure Flame     |       |     1 ||     1
Invok: Curse Item        |     1 |       ||     1
  Use: Scroll            |     3 |     5 ||     8
       Potion            |     1 |     3 ||     4
 Stab: Sleeping          |     3 |     4 ||     7
  Eat: Chunk             |     5 |     5 ||    10
Armor: Skin              |     4 |    12 ||    16
Dodge: Dodged            |    52 |    48 ||   100

Table legend:
 A = Non-vault XP
 B = Vault XP
 C = Vault XP percentage of total XP
 D = Non-vault monster count
 E = Vault monster count
 F = Vault count percentage of total count
                 A         B        C        D         E       F
            +---------+---------+-------+---------+---------+-------
      Total |     176 |       0 |   0.0 |      63 |       0 |   0.0
            +---------+---------+-------+---------+---------+-------
        D:1 |      30 |       0 |   0.0 |      19 |       0 |   0.0
        D:2 |      63 |       0 |   0.0 |      22 |       0 |   0.0
        D:3 |      57 |       0 |   0.0 |      12 |       0 |   0.0
        D:4 |      16 |       0 |   0.0 |       6 |       0 |   0.0
        D:5 |      10 |       0 |   0.0 |       4 |       0 |   0.0
            +---------+---------+-------+---------+---------+-------
